 Dungeon Crawl Stone Soup version 0.20-a0-969-g3f209a8 (webtiles) character file.

478 Dipster the Chucker (level 7, -2/52 HPs)
             Began as a Bultungin Wanderer on Apr 8, 2017.
             Slain by Grinder (6 damage)
             ... on level 4 of the Dungeon.
             The game lasted 00:13:46 (5843 turns).

Dipster the Chucker (Bultungin Wanderer)            Turns: 5843, Time: 00:13:47

Health: -2/52      AC:  6    Str:  9 (11) XL:     7   Next: 11%
Magic:  7/7        EV:  9    Int: 17 (18) God:
Gold:   186        SH:  0    Dex:  7 (10) Spells: 6/6 levels left

rFire    + . .     SeeInvis +   E - +1 whip (drain)
rCold    . . .     Gourm    .   (no shield)
rNeg     . . .     Faith    .   A - +0 scale mail {rF+}
rPois    .         Spirit   .   (no helmet)
rElec    .         Reflect  .   (no cloak)
rCorr    .         Harm     .   (no gloves)
MR       .....                  (no boots)
Stlth    ..........             (no amulet)
Regen    0.2/turn               (no ring)
MPRegen  0.1/turn               (no ring)

@: no status effects
A: short attention span, fangs 1, see invisible, strong nose
a: no special abilities


You were on level 4 of the Dungeon.
You were not hungry.

You visited 1 branch of the dungeon, and saw 4 of its levels.

You collected 186 gold pieces.

Inventory:

Hand Weapons
 a - a +2 falchion
 k - a +0 hunting sling
 l - a +0 club
 r - a +0 mace
 v - a +2 whip of freezing
 E - a +1 whip of draining (weapon)
 H - a +2 spear of venom
 J - a +0 halberd of freezing
Missiles
 g - 128 stones (quivered)
 h - 58 sling bullets
 n - 40 poisoned needles
Armour
 d - a +0 robe
 A - a +0 scale mail of fire resistance (worn)
Jewellery
 D - an uncursed ring of magical power {unknown}
Scrolls
 e - 2 scrolls of teleportation {unknown}
 i - 2 scrolls of recharging {unknown}
 j - 2 scrolls of identify {unknown}
 p - a scroll of random uselessness {unknown}
 q - a scroll of blinking {unknown}
 w - a scroll of noise {unknown}
 x - 2 scrolls of amnesia {unknown}
 C - a scroll of remove curse {unknown}
Potions
 b - a potion of curing
 m - a potion of haste
 t - 2 potions of flight
 F - a potion of berserk rage {unknown}
Comestibles
 f - 9 bread rations
 o - 3 fruits
 s - 3 royal jellies
 u - a meat ration
 G - 2 chunks of flesh


   Skills:
 - Level 3.3 Fighting
 - Level 3.3 Long Blades
 + Level 2.2 Maces & Flails
 * Level 7.5 Throwing
 + Level 7.0 Dodging
 - Level 2.6 Stealth
   Level 1.5 Shields


You had 6 spell levels left.
You didn't know any spells.

Dungeon Overview and Level Annotations

Branches:
Dungeon (4/15)
 Temple: D:4-7

Altars:
Gozag

Shops:
D:4 *

Annotations:
D:3 Wdx2's ghost, amateur DsFi
D:4 Grinder


Innate Abilities, Weirdness & Mutations

You have a short attention span.
You have very sharp teeth.
You have supernaturally acute eyesight. (SInv)
Your uncanny sense of smell can sniff out nearby items.


Message History

Grinder hits you but does no damage.
It was a potion of flight.
Your roots keep you in place.
Grinder hits you but does no damage.
It was a potion of haste.
You feel yourself speed up. Grinder hits you.
* * * LOW HITPOINT WARNING * * *
It was a potion of cancellation.
Your magical effects are unravelling.
You feel magically purged.
You feel less wooden.
Your +0 scale mail of fire resistance unmelds from your body.
You feel resistant to fire.
You feel yourself slow down. Grinder hits you but does no damage.
It was a potion of degeneration.
There was something very wrong with that liquid.
You feel weakened.
You feel dopey.
You feel clumsy. Grinder hits you.
* * * LOW HITPOINT WARNING * * *
You writhe in agony.
You die...

∆ ######### #≈≈≈≈≈≈≈#
##### #≈.....≈# #..@#
#≈.⌠.⌠.≈# #.(5######
#≈..∩..≈####((........ ∆
##≈.⌠.⌠.≈...#.(.#####..
##.≈.....≈...#..(...... #
...≈≈...≈≈...##.#.####. #
....≈._.≈.......#.# #
....≈...≈....####.# #
###.≈≈†≈≈....####.#######
#


You could see Grinder.

Vanquished Creatures
  An ogre (D:4)
  4 orc wizards
  A worker ant (D:4)
  A hound skeleton (D:4)
  A howler monkey skeleton (D:4)
  4 adders
  7 gnolls (D:4)
  2 worms
  2 dart slugs
  3 leopard geckos
  9 orcs
  5 bats
  4 giant cockroaches
  11 goblins
  16 hobgoblins
  11 jackals
  11 kobolds
  3 quokkas
  6 frilled lizards
  7 rats
109 creatures vanquished.

Notes
Turn   | Place    | Note
-------+----------+-------------------------------------------
     0 | D:1      | Dipster the Bultungin Wanderer began the quest for the Orb.
     0 | D:1      | Dipster set off with: a +2 falchion, a potion of curing, a potion of lignification, a +0 robe, a +0 dagger, a bread ration
     0 | D:1      | Reached XP level 1. HP: 15/15 MP: 1/1
   261 | D:1      | Reached XP level 2. HP: 22/22 MP: 2/2
   565 | D:1      | Reached XP level 3. HP: 25/28 MP: 3/3
  2054 | D:2      | Reached XP level 4. HP: 27/35 MP: 4/4
  2485 | D:2      | Reached skill level 5 in Dodging
  3249 | D:3      | Noticed Wdx2's ghost (amateur DsFi)
  3334 | D:3      | Reached XP level 5. HP: 36/41 MP: 5/5
  3511 | D:4      | Reached skill level 5 in Throwing
  3933 | D:4      | Reached XP level 6. HP: 17/47 MP: 6/6
  5382 | D:4      | Reached skill level 1 in Maces & Flails
  5496 | D:4      | Reached XP level 7. HP: 39/52 MP: 7/7
  5618 | D:4      | Found an opulent altar of Gozag.
  5618 | D:4      | Found Gozag's Platinum Reserve.
  5797 | D:4      | Noticed Grinder
  5821 | D:4      | Paralysed by Grinder for 3 turns
  5843 | D:4      | Slain by Grinder

Vault maps used:
D:1:      ncdulo_wetmaze
D:2:      first_bread
D:4:      corexii_shantytown, temple_green, nicolae_gozag_zags_fifth_avenue,
          uniq_grinder

Skill      XL: |  1  2  3  4  5  6  7 |
---------------+----------------------+-----
Throwing       | 2 3 4 6 7 |  7.5
Fighting       | 2 3 |  3.3
Dodging        | 5 6 7 |  7.0
Maces & Flails | 2 |  2.2
Long Blades    | |  3.3
Stealth        | |  2.6
Shields        | |  1.5

Action                   |  1- 3 |  4- 6 |  7- 9 || total
-------------------------+-------+-------+-------++-------
Melee: Falchion          |    75 |   198 |       ||   273
       Bite              |     3 |    20 |     5 ||    28
       Whip              |       |    73 |    62 ||   135
Throw: Stone             |    31 |    40 |     5 ||    76
       Tomahawk          |       |     5 |     6 ||    11
       Throwing net      |       |       |     2 ||     2
  Use: Potion            |     1 |     1 |     5 ||     7
  Eat: Chunk             |     3 |    12 |     1 ||    16
Armor: Robe              |    23 |       |       ||    23
       Scale mail        |       |    93 |    43 ||   136
       Skin              |       |       |     2 ||     2
Dodge: Dodged            |    71 |   154 |    44 ||   269
       Rpst.: Falchion   |    19 |    32 |       ||    51
